[Event "CCT Airthings Masters Play-In 2023"]
[Site "Online"]
[Date "2023.02.03"]
[Round "4"]
[White "Firouzja, Alireza"]
[Black "Durarbayli, Vasif"]
[Result "1-0"]
[ECO "B90"]
[WhiteElo "2785"]
[BlackElo "2635"]
[Annotator "TA"]
[PlyCount "101"]
[EventDate "2023.02.03"]
[EventType "swiss"]
[EventCountry "NET"]
[SourceTitle "playchess.com"]
[Source "ChessBase"]
[SourceQuality "1"]
[TimeControl "600+2"]

1. e4 c5 2. Nf3 d6 3. d4 cxd4 4. Nxd4 Nf6 5. Nc3 a6 6. Bd3 g6 7. f3 {[%emt 0:00:04] B90: Sicilian Najdorf: Unusual White 6th moves, 6 Be3 Ng4 and 6 Be3 e5.} Nc6 8. Be3 Qb6 {[%emt 0:00:57][%cal Ob6b2] [#]} 9. a3 $1 {[%emt 0:00:02][%cal Od1d2] The position is equal.} e5 ({Resist} 9... Nxd4 10. Bxd4 Qc6 11. Nd5 $16) 10. Nf5 {[%emt 0:00:02][%mdl 64] [#] Discovered Attack} (10. Bg5 {is interesting.} exd4 11. Bxf6 dxc3 12. Bxh8 cxb2 13. Rb1) 10... Qc7 $146 (10... Qxb2 $2 11. Na4 $18) (10... Qd8 $1 $11 {and Black is okay.} 11. Ng3 Be6) ({Predecessor:} 10... Qd8 11. Ng3 Be6 12. Qd2 h5 13. O-O-O Be7 14. Kb1 Rc8 15. Nge2 b5 16. Nd5 Bxd5 17. exd5 {0-1 Adams,M (2714)-Deac,B (2651) EU-chT 23rd Terme Catez 2021 (7.1)}) 11. Ng3 $2 (11. Bg5 $1 $18 Nh5 12. Nd5) 11... Be6 12. O-O Bg7 13. Qd2 O-O 14. Bg5 Rac8 15. Kh1 Nd7 {[%emt 0:00:21] [#]} 16. Nf5 $1 Bf6 (16... gxf5 17. exf5) 17. Bxf6 Nxf6 18. Qh6 (18. Rae1 {simplifies} Bxf5 19. exf5 d5 20. Nd1) 18... Ne8 {[%emt 0:00:05] Inhibits Qg7+.} (18... Bxf5 $11 19. exf5 d5) 19. f4 f6 (19... gxf5 $2 20. exf5 f6 21. Rf3 $18) 20. Ne3 Qg7 21. Qh4 exf4 22. Qxf4 Ne5 23. Rad1 Nc7 24. Be2 Rcd8 25. Rd2 b5 26. Rfd1 Qe7 27. a4 b4 28. Ncd5 Bxd5 29. Nxd5 Nxd5 30. Rxd5 Qc7 31. R1d2 a5 32. h3 Kg7 33. Qe3 Rfe8 (33... Nf7 $11) 34. Qd4 (34. c3 $1 $14) 34... Nf7 $11 35. Bc4 Re5 36. Rb5 Ng5 37. Bd5 {[%emt 0:00:03] Black must now prevent Rb7.} Ne6 38. Qe3 {[%emt 0:00:54] Threatens to win with Rb7.} (38. Qb6 {simplifies} Qxb6 39. Rxb6 Nc5 40. Rb5) 38... Nc5 {[%emt 0:00:03] Dodges Rb7} 39. c3 b3 {[%emt 0:00:38][%mdl 64] Deflection} 40. Bxb3 ({Better is} 40. Qd4 $14) 40... Rxe4 $15 (40... Nxe4 $2 41. Rxe5 dxe5 42. Rxd8 Qxd8 43. Qxe4 $18) 41. Qf3 (41. Qf2 $15) 41... Re1+ $19 42. Kh2 d5+ $1 43. g3 Nxb3 $2 (43... Ne4 $1 $19 44. Rd3 Re8) 44. Rxb3 $11 Rde8 {[%emt 0:00:17] Strongly threatening ...R8e3.} (44... h5 {looks sharper.} 45. Kg2 Rd7 46. Rb5 d4) 45. Rf2 $1 Qc6 {[%emt 0:00:25] ...R8e3 is the strong threat.} 46. Rb5 Ra1 47. Rxd5 Ree1 $2 {[%emt 0:00:02][%mdl 8192] [#]} (47... h5 $11) 48. Rd7+ $3 {[%emt 0:00:06][%mdl 576] Skewer, Deflection. White mates.} Qxd7 49. Qxf6+ Kh6 {[%emt 0:00:00] [#]} 50. Qf4+ $1 g5 51. Qf6+ {[%emt 0:00:01][%mdl 32768] Beautiful play by Firouzja!   Weighted Error Value: White=0.21 (precise) /Black=0.30. Loss on time!?} 1-0

[Event "CCT Airthings Masters Play-In 2023"]
[Site "Online"]
[Date "2023.02.03"]
[Round "4"]
[White "VladimirKramnik"]
[Black "BilodeauA"]
[Result "1-0"]
[ECO "A26"]
[WhiteElo "2771"]
[BlackElo "2649"]
[Annotator "TA"]
[PlyCount "112"]
[EventDate "2023.02.03"]
[EventType "swiss"]
[EventCountry "NET"]
[SourceTitle "playchess.com"]
[Source "ChessBase"]
[SourceQuality "1"]
[TimeControl "600+2"]

1. c4 e5 2. d3 Nc6 3. Nf3 g6 4. Nc3 Bg7 5. g3 d6 6. Bg2 Nge7 7. O-O O-O 8. Rb1 a5 9. a3 Nd4 10. b4 axb4 11. axb4 Bg4 {[%emt 0:00:25] A26: English Opening vs King's Indian with ...Nc6 and d3.} 12. Nd2 Qc8 13. Re1 {[%emt 0:00:14] [#]} (13. b5 {is interesting.} Bh3 14. Bxh3 Qxh3 15. e3) 13... c6 $146 {[%emt 0:01:48] The position is equal.} ({Predecessor:} 13... h5 14. Nf1 Bh3 15. Bh1 h4 16. Ne3 hxg3 17. hxg3 Kh7 18. Ned5 Nxd5 19. Nxd5 Bg4 {½-½ Zichichi,A (2370)-Seret,J (2390) Olympiad-26 Thessaloniki 1984 (7)}) 14. b5 h6 15. bxc6 bxc6 16. Nb3 Qd7 17. Bd2 Kh7 18. Nxd4 (18. c5 {feels hotter.} Rfb8 19. cxd6 Qxd6 20. h3) 18... exd4 19. Na4 {[%emt 0:00:00] [#] Nb6 would be deadly.} Rab8 20. c5 Nd5 ({Black should play} 20... dxc5 $11 21. Nxc5 Qf5) 21. Nb6 $14 Qc7 22. Nxd5 cxd5 23. h3 Be6 24. cxd6 Qxd6 25. Qa4 {[%emt 0:00:08] Bb4 is the strong threat.} Ra8 26. Bf4 {[%emt 0:00:50] Hoping for Qxa8.} Rxa4 (26... Qxf4 27. Qxa8 $16) 27. Bxd6 Rd8 28. Bc7 Rc8 29. Rec1 h5 30. Bd6 Rc3 31. Bf4 Ra2 32. Kf1 Bh6 33. Bxh6 Kxh6 34. Re1 Ra4 35. Rb2 Kg7 36. Reb1 Kf6 37. f4 g5 {[%emt 0:00:21] [#] White stays focused until the end.} (37... Ke7 $14) 38. fxg5+ $1 $18 Kxg5 39. Rb4 Rxb4 40. Rxb4 $16 {[%emt 0:00:02][%mdl 4096] Endgame KRB-KRB} h4 41. Kf2 ({And not} 41. Rxd4 hxg3 42. e3 (42. Bxd5 $2 Bxh3+ 43. Ke1 Rc1+ 44. Kd2 Ra1 $19) (42. h4+ Kf6 $17) 42... Rc2 $11) 41... hxg3+ 42. Kxg3 Rc2 43. Bf3 ({Much less strong is} 43. Rxd4 $6 Rxe2 44. h4+ (44. Bxd5 Re3+ 45. Bf3 Bxh3 $11) 44... Kg6 $14) 43... Kf6 44. Rxd4 Ke5 45. Ra4 d4 (45... Rc8 $16 46. d4+ Kf5) 46. Ra5+ $18 Kd6 47. h4 Rc8 48. Kf4 Rg8 49. Ra6+ Ke7 50. h5 Kf6 51. Rd6 Rg1 (51... Rg5 $142 52. Rxd4 Rf5+ 53. Ke3 Re5+ 54. Kf2 Ra5) 52. Rxd4 Kg7 53. Rd6 Re1 54. d4 Bc4 55. h6+ Kg8 56. Be4 Kf8 {[%emt 0:00:04] Weighted Error Value: White=0.07 (flawless) /Black=0.41} 1-0

[Event "CCT Airthings Masters Play-In 2023"]
[Site "Online"]
[Date "2023.02.03"]
[Round "4"]
[White "Wizard456"]
[Black "Arhimow, Mohamed Salem"]
[Result "0-1"]
[ECO "D77"]
[WhiteElo "2768"]
[BlackElo "1567"]
[Annotator "NA"]
[PlyCount "70"]
[EventDate "2023.02.03"]
[EventType "swiss"]
[EventCountry "NET"]
[SourceTitle "playchess.com"]
[Source "ChessBase"]
[SourceQuality "1"]
[TimeControl "600+2"]

1. d4 Nf6 2. c4 g6 3. Nf3 Bg7 4. g3 d5 5. Bg2 dxc4 6. Na3 c3 7. bxc3 O-O 8. O-O c5 9. Ne5 Nc6 10. Nac4 Be6 11. Nxc6 bxc6 12. Ne5 Nd5 13. Bd2 Qc7 14. Qc1 Nxc3 15. Bxc3 cxd4 16. Bxd4 Bxe5 17. Bxe5 Qxe5 18. Qxc6 Rac8 19. Qa6 Rc7 20. Rac1 Rfc8 21. Rxc7 Rxc7 22. Bf3 g5 23. Qa4 Kg7 24. e3 h5 25. Rd1 h4 26. Bg2 h3 27. Bf3 a5 28. Qa3 g4 29. Be2 Rc2 30. Bd3 Rxa2 31. Qxe7 Qd5 32. e4 Qxd3 33. Qg5+ Kf8 34. Qh6+ Ke7 35. Qc1 Rc2 0-1

[Event "CCT Airthings Masters Play-In 2023"]
[Site "Online"]
[Date "2023.02.03"]
[Round "4"]
[White "LevonAronian"]
[Black "Fandorine"]
[Result "1-0"]
[ECO "B22"]
[WhiteElo "2762"]
[BlackElo "2563"]
[Annotator "TA"]
[PlyCount "185"]
[EventDate "2023.02.03"]
[EventType "swiss"]
[EventCountry "NET"]
[SourceTitle "playchess.com"]
[Source "ChessBase"]
[SourceQuality "1"]
[TimeControl "600+2"]

1. e4 c5 2. Nf3 e6 3. c3 d5 4. exd5 Qxd5 5. d4 Nf6 6. Na3 Qd8 7. Nc2 Nc6 8. g3 Be7 9. Bg2 O-O 10. O-O Bd7 11. Bg5 cxd4 12. Nfxd4 h6 13. Nxc6 Bxc6 14. Bxf6 Bxf6 15. Bxc6 bxc6 16. Ne3 Rb8 17. Qe2 Qb6 18. Nc4 Qa6 19. Rfd1 Rfd8 20. Rxd8+ Rxd8 21. Kf1 c5 22. a4 g6 23. a5 Kg7 24. f3 h5 25. h4 Qb5 26. Kf2 Rd7 27. Rh1 Qc6 28. Qe4 Rd5 29. Kg2 Qd7 30. Re1 Qd8 31. Re2 Qd7 32. Qf4 (32. Re1 $11) 32... Qb5 (32... Bd8 $15) 33. Qe4 (33. Rf2 $11) 33... Qd7 (33... Bd8 $17) 34. Qc2 (34. Re1 $11 {should be considered.}) 34... Qb5 (34... Bd8 $15) 35. Re4 (35. Qe4 $1 $11 {remains equal.}) 35... Qd7 (35... Bd8 $1 $17) 36. Qf2 (36. Re2 $11) 36... Qd8 (36... Bd8 $1 $17) 37. Rf4 (37. Re1 $11 {keeps the balance.}) 37... Qd7 38. Re4 $1 Qd8 ({Black should play} 38... Bd8 $17) 39. Qc2 Qd7 40. Re2 Rd3 ({Black should try} 40... Bd8 $1 $15) 41. Kf2 Qd5 42. Ne3 (42. Re4 {with more complications.} Rd1 43. Re2 Ra1 44. Qe4) 42... Qd8 43. Qa4 Rd6 (43... Be5 $5 ) 44. Qb5 Qc7 45. Nc4 Rd8 46. Rd2 Rd5 47. a6 {[%emt 0:00:08] [#]} (47. Rxd5 $1 $11 exd5 48. Nd2) 47... Bxh4 (47... Be5 $1 $17 48. f4 Bxf4 49. gxf4 Qxf4+ 50. Ke1 Qxh4+ 51. Kd1 Qg4+ 52. Kc2 h4 53. Rxd5 exd5) 48. gxh4 $11 Qh2+ 49. Ke3 Qxh4 (49... Qg1+ $11 50. Ke2 g5) 50. Ke2 ({Better is} 50. Rxd5 $14 Qe1+ 51. Kf4 exd5 52. Qxc5 dxc4 53. Qd4+ (53. Qxa7 g5+ {[%mdl 64] Decoy} 54. Kxg5 Qe5+ 55. Kh4 Qh2+ 56. Kg5 Qe5+ 57. Kh4 Qh2+ 58. Kg5 Qe5+ $11) 53... Kf8 54. Qxa7 (54. Qxc4 Qh4+ {[%mdl 64] Skewer} 55. Ke3 Qxc4 56. b4 Qxc3+ 57. Ke2 Qxb4 58. Ke3 h4 59. Ke2 h3 60. Kf2 h2 61. Kg2 Qd2+ 62. Kh3 h1=Q+ 63. Kg4 Qhh2 64. f4 Qdxf4#) 54... g5+ {[%mdl 64] Decoy} 55. Kxg5 Qe5+ 56. Kh4) 50... Qh2+ $11 51. Kd1 Qh1+ 52. Kc2 Qxf3 53. Rxd5 (53. Qb7 {feels hotter.} Qf4 54. Rxd5 exd5 55. Nd2) 53... exd5 54. Nd2 Qf2 (54... Qf5+ $11 55. Kc1 Qf2) 55. Qd7 (55. Qb8 $14 d4 56. Qe5+ (56. Qxa7 $2 d3+ {[%mdl 64] Deflection} 57. Kb1 Qxd2 $19) 56... Kh7 57. cxd4 (57. Qxc5 $2 d3+ {[%mdl 64] Discovered Attack} 58. Kxd3 Qxc5 $19) 57... cxd4 58. Kd3) 55... c4 $2 (55... d4 $1 $11 {and Black has nothing to worry.}) 56. Qxd5 $18 h4 57. Qd4+ (57. Qxc4 $16 {Black must now prevent Qd4+.} h3 58. Qf1) 57... Qxd4 $11 58. cxd4 h3 $2 (58... g5 $11) 59. Nf1 $1 $18 g5 60. Ng3 $2 (60. Kc3 $18 f5 61. Kxc4) 60... Kf6 61. Kc3 Ke6 62. Kxc4 f5 $1 63. Kd3 $2 (63. d5+ $11 Ke5 64. Nh1) 63... f4 $1 64. Nh1 Kd5 $4 (64... g4 {and life is good for Black.} 65. Ke2 g3 66. Nxg3 fxg3 67. Kf3 h2 68. Kg2 Kd5 69. Kh1 Kxd4 70. Kg2 Ke3 71. Kxg3 h1=Q 72. Kg4 Qd5 73. b3 Qe5 74. b4 Qf6 75. Kh3 Qg6 76. b5 Kf3 77. Kh4 Qh6#) 65. b4 $1 $18 g4 66. b5 g3 67. b6 $1 g2 68. bxa7 g1=Q 69. a8=Q+ (69. a8=B+ Kd6 70. Bb7 h2 $19) 69... Kd6 70. Qf8+ Kc6 71. Qc5+ Kd7 72. Qb5+ Kc7 73. Qb7+ Kd6 74. Qb8+ $2 (74. Qb6+ $18 Kd7 75. a7 Qe3+ 76. Kc4 Qe2+ 77. Kd5 (77. Kc5 Qc2+ 78. Kd5 Qf5+ 79. Kc4 Qc2+ 80. Kd5 Qf5+ 81. Kc4 Qc2+ 82. Kd5 $11) 77... Qf3+ 78. Ke5 Qh5+ 79. Kxf4 Qh4+ 80. Kf3 Qh5+ 81. Kg3 Qg5+ 82. Kxh3 Qf5+ 83. Kh2) 74... Kc6 $16 75. d5+ (75. Qe8+ $16 Kb6 76. Qe6+ Kb5 77. a7 (77. Qxh3 Qb1+ 78. Ke2 Qe4+ 79. Kf1 Qxd4 $14) 77... Qd1+ 78. Ke4 Qxh1+ 79. Kxf4 Qh2+ 80. Kf3 (80. Kf5 Qf2+ 81. Kg4 Qxd4+ 82. Kg5 Qxa7 $11) 80... Qg2+ 81. Ke3 Qg3+ 82. Kd2 Qg2+ 83. Ke3 (83. Qe2+ Kb6 $14) 83... Qg1+ 84. Ke2 (84. Kd3 Qb1+ 85. Kd2 Qb2+ 86. Ke3 Qa3+ 87. Kf4 Qxa7 $11) 84... Qg2+ 85. Ke3) 75... Kxd5 $11 76. Qb7+ Ke5 $2 {[%emt 0:00:06][%mdl 8192] [#]} (76... Kd6 $11) 77. Qe7+ $1 $18 (77. Qe4+ Kd6 $14) 77... Kd5 {[%emt 0:00:01] [#]} 78. Qf7+ $2 (78. a7 $1 $18 Qd1+ 79. Kc3 Qc1+ 80. Kb4 Qb2+ 81. Ka5 Qa1+ 82. Kb6 Qg1+ 83. Kb7 Qxh1 84. a8=Q (84. a8=B Kc4+ 85. Kb8 Qb1+ 86. Bb7 Qb6 $11) 84... Kd4+ 85. Kb8) 78... Kc6 $11 79. Qb7+ Kd6 80. Qb8+ Kd5 81. a7 Qd1+ 82. Kc3 Qc1+ 83. Kb4 Qb2+ 84. Ka5 (84. Ka4 $5 Qa2+ $8 85. Kb4 Qb2+ 86. Ka4 Qa2+ 87. Kb4 Qb2+ $11) 84... Qa3+ 85. Kb6 Qc5+ $2 (85... Qb4+ $11 86. Kc7 Qe7+ 87. Kb6 Qb4+ 88. Kc7 Qd6+ 89. Kc8 Qe6+ 90. Kd8 Qf6+ 91. Kd7 Qc6+ 92. Ke7 Qe6+ 93. Kd8 Qf6+ 94. Ke8 Qe6+ 95. Kf8 (95. Kd8 Qf6+ $11) 95... Qf6+ 96. Kg8 Qg6+ 97. Kh8 Qh6+ 98. Kg8 Qg6+ 99. Kh8 Qh6+ 100. Kg8 Qg6+) 86. Ka6 Qa3+ 87. Kb7 Qb2+ 88. Ka8 Qg2 89. Qc7 Kd4+ 90. Kb8 Qxh1 91. Qxf4+ ({Stronger than} 91. a8=B Qb1+ 92. Bb7 Qf5 93. Qd8+ (93. Qd6+ Kc4 $11) 93... Kc3 $11) 91... Kd3 92. a8=Q ({Weaker is} 92. a8=B Qb1+ 93. Bb7 Qb6 $11) 92... Qb1+ 93. Qb7 1-0

[Event "CCT Airthings Masters Play-In 2023"]
[Site "Online"]
[Date "2023.02.03"]
[Round "4"]
[White "PSvidler"]
[Black "EvgenyT"]
[Result "1-0"]
[ECO "A09"]
[WhiteElo "2754"]
[BlackElo "2562"]
[Annotator "TA"]
[PlyCount "101"]
[EventDate "2023.02.03"]
[EventType "swiss"]
[EventCountry "NET"]
[SourceTitle "playchess.com"]
[Source "ChessBase"]
[SourceQuality "1"]
[TimeControl "600+2"]

1. Nf3 d5 2. g3 g6 3. c4 dxc4 4. Na3 Bg7 5. Nxc4 Nc6 6. d3 {[%emt 0:00:03] A09: Réti Opening: 1 Nf3 d5 2 c4.} e5 7. Bd2 Nge7 8. Bg2 {[%emt 0:00:09] The position is equal.} O-O 9. O-O {[%emt 0:00:03] 9.Rc1 is the modern continuation.} Re8 10. b4 Nd5 11. Rb1 Nd4 {[%emt 0:00:19] [#]} 12. e4 $5 $146 {[%emt 0:00:30][%mdl 8] New and interesting.} ({Predecessor:} 12. Na5 Rb8 13. e3 Nxf3+ 14. Bxf3 Be6 15. b5 Qd7 16. Qc2 Red8 17. Rfc1 h5 18. h4 {½-½ Minasian,A (2595)-Motwani,P (2464) Olympiad-34 Istanbul 2000 (2.2)}) 12... Nb6 13. Na5 Bg4 14. Be3 (14. Nxb7 $2 Qf6 15. Kh1 Nxf3 $19) 14... Rb8 15. Bxd4 {[%emt 0:00:08] Be3 would be deadly.} Bxf3 16. Bxf3 Qxd4 17. Qc2 c6 18. Rfd1 Nd7 19. Bg4 Red8 20. Bxd7 Rxd7 21. b5 cxb5 (21... Rc7 $11) 22. Rxb5 $14 {[%emt 0:00:17] Hoping for Nc6.} Qd6 {[%emt 0:00:31] [#] Inhibits Nc6.} 23. Nxb7 $1 {[%emt 0:01:04][%mdl 64] Decoy} Qd4 (23... Qa6 24. Rdb1) 24. Rdb1 ({White should try} 24. Qc6 $16) 24... Bf8 {[%emt 0:00:32] Prevents Nd6} (24... a6 25. R5b3 $16) (24... Qxd3 $11 25. Qxd3 (25. Nc5 Qxc2 26. Rxb8+ Rd8 $11) 25... Rxd3) 25. R5b3 $1 h5 {[%emt 0:00:14] White stays focused until the end.} (25... Qa4 $1 $14 26. Na5 (26. Nc5 Rc8 $11) 26... Rxb3 27. Nxb3 Rd6) 26. h4 (26. Na5 $16 Rxb3 27. Rxb3) 26... Kg7 ({Better is} 26... Qa4 $1 $14 27. Na5 (27. Nc5 Rc8 $11) 27... Rxb3 28. Nxb3 Rd6) 27. Kg2 $16 Be7 28. Na5 Rxb3 29. Rxb3 Qa4 (29... Bd6 $16 {keeps fighting.} 30. Nc4 Rc7) 30. Nc4 Bf6 31. Ne3 Bd8 32. Nd5 {[%emt 0:00:12] Inhibits Bb6. aiming for Qc3.} Bb6 33. Nxb6 axb6 $18 {[%emt 0:00:00][%mdl 4096] Endgame KQR-KQR} 34. Qb2 Qd4 35. Qxd4 (35. Rxb6 $6 Qxb2 36. Rxb2 Rxd3 $16) 35... Rxd4 {[%emt 0:00:01] KR-KR} 36. Kf3 (36. Rxb6 $6 Rxd3 37. Ra6 Rd4 $16) 36... Ra4 {[%emt 0:00:02] [#]} 37. a3 $1 (37. Rxb6 $6 Rxa2 38. Rb1 Kf6 $16) 37... Kf8 (37... f6 $142 38. Ke3 (38. Rxb6 Rxa3 39. Ke3 Ra1 $16) 38... Ra7) 38. Ke3 (38. Rxb6 Rxa3 39. Ke3 Ra2 $16) 38... Ke7 39. f4 ({Weaker is} 39. Rxb6 Rxa3 40. Rb5 Kf6 $16) 39... exf4+ 40. gxf4 {[%emt 0:00:01] And now d4 would win.} ({Less strong is} 40. Kxf4 Rd4 41. Ke3 (41. Rxb6 Rxd3 42. a4 f6 $16) 41... Ra4 $16) 40... b5 $2 (40... Kd7 {was necessary.} 41. Rxb6 Rxa3) 41. Rxb5 Rxa3 42. f5 Ra1 (42... gxf5 $142 43. Rxf5 Ra1) 43. fxg6 fxg6 44. Kf4 $2 (44. d4 Rh1 45. Rb7+ Kf6 46. e5+ Ke6 47. Rb6+ Kf7 48. Rf6+ Ke8 49. Rxg6) 44... Rf1+ $2 (44... Rd1 45. Kg5 Rxd3) 45. Ke5 Rh1 46. Rb7+ Kd8 47. Kd6 Kc8 48. Rc7+ Kb8 49. e5 {[%emt 0:00:10][%cal Be4e5,Be5e6][%mdl 32] White mates.} Rxh4 50. Rc4 Rh1 51. e6 {[%emt 0:00:01] Weighted Error Value: White=0.24 (precise) /Black=0.54} 1-0

[Event "CCT Airthings Masters Play-In 2023"]
[Site "Online"]
[Date "2023.02.03"]
[Round "4"]
[White "Grischuk, Alexander"]
[Black "BogdanDeac"]
[Result "1-0"]
[ECO "D03"]
[WhiteElo "2745"]
[BlackElo "2566"]
[Annotator "TA"]
[PlyCount "145"]
[EventDate "2023.02.03"]
[EventType "swiss"]
[EventCountry "NET"]
[SourceTitle "playchess.com"]
[Source "ChessBase"]
[SourceQuality "1"]
[TimeControl "600+2"]

1. d4 Nf6 2. Nf3 d5 3. Bg5 Ne4 4. Bh4 c5 5. e3 Nc6 (5... Qb6 $5 ) 6. Nbd2 {[%emt 0:00:03] D03: 1 d4 d5 2 Nf3 Nf6 3 Bg5, including Torre Attack with early ...d5.} Qb6 {[%emt 0:02:19][%csl LRb2,LRd4] The old main line.} 7. dxc5 $5 {[%emt 0:00:28][%mdl 4] Leaves trodden paths.} Nxc5 8. c4 {[%emt 0:00:14] [#] The position is equal.} e6 $146 ({Predecessor:} 8... Be6 9. Rc1 Nb4 10. Ne5 f6 11. a3 Na2 12. Rc2 fxe5 13. b4 Nxb4 14. axb4 Qxb4 15. cxd5 Bxd5 {1-0 Cesal,J (2257)-Simek,P (2258) CZE-chTJ 0102 2001 (1)}) 9. Qc2 Bd7 10. a3 {[%emt 0:00:29] aiming for b4.} a5 11. Be2 Be7 12. Bxe7 Nxe7 13. O-O O-O 14. Ne5 Rfc8 (14... Rfd8 {keeps more tension.} 15. Rac1 Ba4 16. Qb1 Nb3) 15. Nxd7 Nxd7 16. Rac1 Rc7 17. Qb1 Rac8 18. cxd5 exd5 19. Nf3 Nc5 20. Rfd1 Ne6 21. Rxc7 Rxc7 22. h3 g6 23. Nd4 Nxd4 24. Rxd4 Qc5 25. Rd1 Qc2 26. Bd3 Qb3 27. Rd2 b5 28. Qd1 (28. Bc2 $5 Qc4 29. Qd1 $14) 28... Qxd1+ 29. Rxd1 $11 {[%emt 0:00:00][%mdl 4096] Endgame KRB-KRN} b4 30. axb4 axb4 31. Kf1 Kg7 32. Ra1 d4 33. exd4 Rd7 34. Ke2 Rxd4 35. b3 (35. Ra7 $14 Kf6 36. Ke3) 35... Nd5 36. Bc4 Nc3+ 37. Ke3 Re4+ (37... Rxc4 $5 38. bxc4 b3 $11) 38. Kd3 Rf4 39. f3 h5 40. Ra7 g5 41. Rb7 g4 (41... Na2 $1 $14) 42. hxg4 $16 (42. Rxb4 $6 gxh3 43. gxh3 Rxf3+ 44. Kd4 Rxh3 $11) 42... hxg4 43. Ke3 (43. Rxb4 $6 gxf3 44. gxf3 Rxf3+ 45. Kd4 Nb1 $11) 43... gxf3 44. gxf3 ({Don't play} 44. Kxf4 $6 fxg2 45. Rxf7+ (45. Rxb4 g1=Q $19) 45... Kh6 $11) 44... Rf6 45. Rxb4 {[%emt 0:00:01] White is more active.} Rd6 (45... Nd1+ $16 46. Kd3 Rd6+ 47. Ke4 Nf2+ 48. Ke3 Nd1+ 49. Ke4 Nf2+ 50. Kf4 Nd3+ 51. Bxd3 Rxd3) 46. Rb7 $18 Nd5+ $2 (46... Rf6 47. f4 Nd1+ 48. Ke2 Nc3+ 49. Kf3 Nd1) 47. Ke4 Nc3+ 48. Ke5 Rf6 49. f4 Nd1 50. Ke4 Nf2+ 51. Ke5 $2 (51. Kf3 $18 Nd1 52. b4) 51... Ng4+ 52. Ke4 $2 (52. Kd5 $11) 52... Nf2+ 53. Ke3 $2 (53. Kf3 $18 {is the precise move to win.} Nd1 54. b4) 53... Ng4+ {[%emt 0:00:03] [#]} (53... Nh3 $16) 54. Kf3 $1 Ne5+ (54... Nh6 {was necessary.} 55. Bd3 Nf5) 55. Ke4 Ng6 56. f5 Nh4 57. Be6 {[%emt 0:00:06] b4 is the strong threat.} Kf8 58. Ke5 Kg7 59. b4 {[%emt 0:00:02] Strongly threatening Kf4.} Nf3+ 60. Ke4 $2 (60. Kd5 $18) 60... Ng5+ $11 61. Kd5 {[%emt 0:00:04] b5 would be deadly.} Nxe6 62. fxe6 Rxe6 {[%emt 0:00:01] KR-KR} 63. b5 Re1 64. Rc7 {[%emt 0:00:05] Hoping for b6.} Rb1 65. Kc6 {[%emt 0:00:01] Black must now prevent b6.} Kg6 66. b6 {[%emt 0:00:03] And now b7 would win.} f5 $1 67. b7 {[%emt 0:00:01] White wants to mate with Rc8.} Kg5 $2 {[%emt 0:00:02][%mdl 8192] [#]} (67... f4 $11) 68. Rc8 $1 {[%emt 0:00:04] White mates.} Kf4 69. b8=Q+ ({Inferior is} 69. b8=B+ Ke4 $11) 69... Rxb8 70. Rxb8 Ke3 71. Kd5 f4 72. Rb3+ Ke2 73. Ke4 {[%emt 0:00:01] Weighted Error Value: White=0.31/Black=0.24 (precise)} 1-0

[Event "CCT Airthings Masters Play-In 2023"]
[Site "Online"]
[Date "2023.02.03"]
[Round "4"]
[White "Andreikin, Dmitry"]
[Black "chesspanda123"]
[Result "1-0"]
[ECO "D30"]
[WhiteElo "2729"]
[BlackElo "2636"]
[Annotator "NA"]
[PlyCount "99"]
[EventDate "2023.02.03"]
[EventType "swiss"]
[EventCountry "NET"]
[SourceTitle "playchess.com"]
[Source "ChessBase"]
[SourceQuality "1"]
[TimeControl "600+2"]

1. d4 Nf6 2. c4 e6 3. Nf3 d5 4. e3 Bd6 5. Nc3 O-O 6. c5 Be7 7. b4 b6 8. Bb2 c6 9. a3 Qc7 10. Bd3 Ba6 11. Ne5 Bxd3 12. Nxd3 Nbd7 13. O-O a5 14. Qc2 Qb7 15. h3 h6 16. Rfb1 axb4 17. axb4 Rxa1 18. Rxa1 Ra8 19. Rxa8+ Qxa8 20. Qa4 Qxa4 21. Nxa4 b5 22. Nc3 Ne4 23. Ne2 Nd2 24. Bc3 Nc4 25. g4 f5 26. Kg2 Kf7 27. Ne5+ Ndxe5 28. dxe5 fxg4 29. hxg4 Ke8 30. Nd4 Kd7 31. Nc2 g6 32. f4 Bd8 33. Kf3 Bh4 34. Nd4 Bd8 35. Ke2 Bc7 36. Nf3 Bd8 37. Kd3 h5 38. gxh5 gxh5 39. Ke2 Be7 40. Be1 Na3 41. Nd4 Nc4 42. f5 exf5 43. e6+ Ke8 44. Nxc6 Bg5 45. Nd4 Bxe3 46. Nxf5 Bg5 47. c6 Kd8 48. Bg3 h4 49. c7+ Kc8 50. e7 1-0

[Event "CCT Airthings Masters Play-In 2023"]
[Site "Online"]
[Date "2023.02.03"]
[Round "4"]
[White "Duda, Jan-Krzysztof"]
[Black "Eltaj_Safarli"]
[Result "0-1"]
[ECO "D00"]
[WhiteElo "2729"]
[BlackElo "2508"]
[Annotator "TA"]
[PlyCount "128"]
[EventDate "2023.02.03"]
[EventType "swiss"]
[EventCountry "NET"]
[SourceTitle "playchess.com"]
[Source "ChessBase"]
[SourceQuality "1"]
[TimeControl "600+2"]

1. d4 Nf6 2. Bf4 d5 3. e3 c5 4. c3 Nc6 5. Nd2 Bf5 6. Ngf3 e6 $1 {[%emt 0:00:01] The main line 6...e6 scores better than 6...Qb6.} 7. Qb3 {[%emt 0:00:06] D00: 1 d4 d5: Unusual lines.} Qb6 8. Qxb6 axb6 9. Bb5 {[%emt 0:00:20] The position is equal.} Be7 10. Ne5 Rc8 11. Nxc6 (11. dxc5 {is interesting.} Bxc5 12. Nb3 Ke7 13. Nd4) 11... bxc6 12. Ba6 Rd8 {[%emt 0:00:09] [#]} 13. Bb7 $146 (13. Nf3 $1 $11 {was the only way to keep the balance.}) ({Predecessor:} 13. Bc7 Ra8 14. Bb7 Kd7 15. Bxa8 Kxc7 16. Bxc6 Kxc6 17. f3 Bd3 18. Kf2 c4 19. g4 {0-1 Lock,G (2113)-Bach,N (2198) Titled Tuesday intern op 26th Oct blitz 2021 (8)}) 13... Kd7 $1 $17 14. Nf3 Nh5 $1 15. Bxc6+ Kxc6 $19 16. Ne5+ Kb7 {[%emt 0:00:02] White must now prevent ...Nxf4.} 17. Nxf7 {[%emt 0:00:00] [#]} Nxf4 {[%emt 0:00:20][%mdl 64] Deflection} 18. exf4 cxd4 19. cxd4 Bf6 {[%emt 0:00:32][%cal Of6d4] Hoping for ...Bxd4!} 20. Rd1 Rhf8 21. Nxd8+ Rxd8 ({Not} 21... Bxd8 22. O-O $17) 22. Ke2 Rc8 {[%emt 0:01:40][%mdl 1024] Black has strong compensation.} 23. Rd2 b5 (23... g5 $19 24. g3 gxf4 25. gxf4 Be7) 24. f3 h5 25. a3 Rc4 26. Ke3 b4 27. axb4 Rxb4 28. Rc1 Bd8 29. Rc3 Ba5 30. Ra3 Bb6 31. Rc3 Rb5 {[%emt 0:00:04] Black is more active.} 32. Ra3 Bc7 33. Re2 {[%emt 0:00:33] [#]} Bd6 $1 34. Rc3 {[%emt 0:00:01] [#]} Bb4 $1 35. Rc1 Ba5 {[%emt 0:00:01] This pair of bishops is nice.} 36. Kf2 (36. Ra1 $17 {might work better.}) 36... Rb3 37. Rd1 (37. Ra1 $17 Bc7 38. g3) 37... Kc6 38. Kg3 Kd7 39. Kh4 g6 40. Ra1 Bd8+ 41. Kg3 h4+ 42. Kf2 Bb6 {[%emt 0:00:00] Repels Ra7+} 43. Rd2 {[%emt 0:00:01] [#]} Rxb2 $3 {[%emt 0:00:08][%mdl 576] Decoy} 44. Ke1 (44. Ke3 Rxd2) 44... Rxd2 {[%emt 0:00:04][%mdl 64] Remove Defender} 45. Kxd2 Bxd4 46. Ra8 (46. Ra2 $142) 46... Bc5 47. g4 $2 (47. Rh8 Be7 48. Ke2) 47... hxg3 48. hxg3 d4 {[%emt 0:00:17] aiming for ...Bb4+.} 49. Rb8 {[%emt 0:00:03] Wards off Bb4+} Bd6 50. Ra8 Bb4+ 51. Kd1 Bd3 52. Ra4 Bc3 53. g4 Bf1 54. Ra7+ Kc6 55. Ra8 Kd5 56. Rc8 Ba6 (56... Bc4 $142 57. Rd8+ Kc5) 57. Rd8+ Kc4 {[%emt 0:00:02] ( -> ...d3)} 58. Rd6 Bb7 {[%emt 0:00:03] Black mates.} 59. Ke2 Bd5 60. Rd8 d3+ 61. Ke3 d2 62. Ke2 Kb3 63. Rxd5 exd5 64. Kd1 Kc4 {[%emt 0:00:06] Weighted Error Value: White=0.75/Black=0.24 (precise)} 0-1